 Dungeon Crawl Stone Soup version 0.24-a0-252-g5076262 (webtiles) character file.

Game seed: 11520167871653499295

1268 vorskei the Digger (level 8, -2/75 HPs)
             Began as a Troll Earth Elementalist on Apr 18, 2019.
             Slain by an ogre
             ... wielding a +0 giant club
              (16 damage)
             ... on level 5 of the Dungeon.
             The game lasted 00:13:57 (3877 turns).

vorskei the Digger (Troll Earth Elementalist)       Turns: 3877, Time: 00:13:59

Health: -2/75      AC:  6    Str: 17      XL:     8   Next: 28%
Magic:  0/8        EV: 10    Int: 13      God:
Gold:   277        SH:  0    Dex:  8 (10) Spells: 5/9 levels left

rFire    . . .     SeeInvis .     - Unarmed
rCold    . . .     Gourm    +   (no shield)
rNeg     . . .     Faith    .   c - +0 robe
rPois    .         Spirit   +   (helmet restricted)
rElec    .         Reflect  .   (no cloak)
rCorr    .         Harm     .   (gloves unavailable)
MR       .....                  (boots unavailable)
Stlth    +.........             w - amulet of guardian spirit
HPRegen  0.62/turn              A - ring of wizardry
MPRegen  0.11/turn              D - ring of flight

@: no status effects
A: large, unfitting armour, claws 3, fast metabolism 3, gourmand, regeneration
1, shaggy fur 1, tough skin 3
a: Evoke Flight


You were on level 5 of the Dungeon.
You were completely stuffed.

You visited 1 branch of the dungeon, and saw 5 of its levels.

You collected 277 gold pieces.

Inventory:

Hand Weapons
 l - a +0 whip
Missiles
 b - 130 stones (quivered)
 j - 81 arrows
 k - 69 bolts
Armour
 c - a +0 robe (worn)
 C - a +0 shield
Jewellery
 m - an uncursed amulet of the gourmand
 w - an amulet of guardian spirit (around neck)
 A - a ring of wizardry (left claw)
 D - a ring of flight (right claw)
Wands
 z - a wand of enslavement (7)
 G - a wand of digging (6)
Scrolls
 a - 2 scrolls of fog {unknown}
 f - 5 scrolls of remove curse {unknown}
 g - a scroll of noise {unknown}
 h - 4 scrolls of enchant weapon {unknown}
 o - 5 scrolls of identify {unknown}
 p - 2 scrolls of magic mapping {unknown}
 q - 3 scrolls of blinking {unknown}
 t - 3 scrolls of enchant armour {unknown}
 v - a scroll of immolation {unknown}
 y - 3 scrolls of amnesia {unknown}
 B - a scroll of teleportation {unknown}
 F - a scroll of vulnerability {unknown}
Potions
 e - 4 potions of lignification {unknown}
 i - 2 potions of flight {unknown}
 n - 2 potions of degeneration {unknown}
 r - 3 potions of curing {unknown}
 u - 3 potions of agility {unknown}
 x - 2 potions of might {unknown}
 E - a potion of berserk rage {unknown}
Comestibles
 d - 8 rations


   Skills:
 + Level 3.5 Fighting
 - Level 1.6 Dodging
 - Level 1.0 Stealth
 + Level 4.3 Unarmed Combat
 - Level 1.2 Spellcasting
   Level 0.6 Transmutations
 * Level 7.5 Earth Magic


You had 5 spell levels left.
You knew the following spells:

 Your Spells              Type           Power        Failure   Level  Hunger
q - Sandblast             Erth           ###...       1%          1    ##.....
w - Stone Arrow           Conj/Erth      ##....       8%          3    ####...

Your spell library contained the following spells:

 Spells                   Type           Power        Failure   Level  Hunger
 Passwall                 Tmut/Erth      ##......     3%          2    ###....
 Lee's Rapid Deconstruct  Erth           ###.......   14%         5    ######.
 Petrify                  Tmut/Erth      ##......     21%         4    #####..


Dungeon Overview and Level Annotations

Branches:
Dungeon (5/15)             Temple (0/1) D:4

Altars:
Ashenzari
Hepliaklqana
Makhleb
Xom
The Shining One

Annotations:
D:5 1 runed translucent door


Innate Abilities, Weirdness & Mutations

You are too large for most types of armour.
You have claws for hands.
Your metabolism is lightning-fast.
You like to eat raw meat.
Your natural rate of healing is unusually fast.
You are covered in fur. (AC +1)
You have extremely tough skin. (AC +3)


Message History

The howler monkey is almost dead.
The ogre hits you with a +0 giant club.
The howler monkey hits you but does no damage.
You closely miss the howler monkey.
The howler monkey is almost dead.
The howler monkey hits you.
You scratch the howler monkey.
You kill the howler monkey!
You feel your dexterity returning. The ogre closely misses you.
The ogre hits you with a +0 giant club!!
The ogre completely misses you.
All of the chunks of flesh in your inventory have rotted away.
You barely miss the ogre. You scratch the ogre but do no damage.
Your claw misses the ogre.
The ogre hits you with a +0 giant club!!
You closely miss the ogre. The ogre hits you with a +0 giant club!
* * * LOW HITPOINT WARNING * * *
You completely miss the ogre. The ogre hits you with a +0 giant club!
You die...

##......### ##.........#
.$......).. .
..........###...#...#
....................# ##
.)......... ........##.#
.........# #.......#..
.......@.# #....!.....
......O..# #..........
.........# #.........#
....#... .........#
#........ ...<....
.#..###.#### ##....###
......# ##.#...##.#
###...## ......
#.........####....## .#
....# #.
........#..#......####.#
....#...
#......###........#>.._.


You could see an ogre.

Vanquished Creatures
  Eustachio (D:5)
  An ice beast (D:5)
  2 ogres
  2 howler monkeys
  3 crimson imps
  A bullfrog zombie (D:5)
  2 hounds (D:4)
  5 orc priests
  4 orc wizards
  2 bullfrog skeletons
  An iguana (D:5)
  2 worker ants (D:5)
  A hound skeleton (D:4)
  9 adders
  A gnoll (D:1)
  An ooze (D:1)
  An adder skeleton (D:4)
  4 worms
  2 dart slugs (D:3)
  2 leopard geckos
  16 orcs
  9 bats
  4 giant cockroaches
  6 goblins
  5 hobgoblins
  5 jackals
  2 ball pythons (D:1)
  3 frilled lizards
  9 kobolds
  6 rats
112 creatures vanquished.

Notes
Turn   | Place    | Note
-------+----------+-------------------------------------------
     0 | D:1      | vorskei the Troll Earth Elementalist began the quest for
                  | the Orb.
     0 | D:1      | Reached XP level 1. HP: 16/16 MP: 1/1
    38 | D:1      | Reached skill level 3 in Earth Magic
    97 | D:1      | Reached XP level 2. HP: 21/24 MP: 2/2
   311 | D:1      | Reached XP level 3. HP: 21/31 MP: 3/3
   829 | D:2      | Reached skill level 4 in Earth Magic
   927 | D:2      | Noticed an ogre
   933 | D:2      | Killed an ogre
   933 | D:2      | Reached skill level 5 in Earth Magic
   933 | D:2      | Reached XP level 4. HP: 39/39 MP: 0/4
  1148 | D:2      | Reached XP level 5. HP: 14/45 MP: 5/5
  2079 | D:3      | Reached skill level 1 in Unarmed Combat
  2089 | D:3      | Reached skill level 1 in Fighting
  2102 | D:3      | Reached XP level 6. HP: 14/55 MP: 6/6
  2536 | D:4      | Found a hazy altar of Hepliaklqana.
  2536 | D:4      | Found a shattered altar of Ashenzari.
  2744 | D:4      | Found a staircase to the Ecumenical Temple.
  2750 | D:4      | Reached skill level 6 in Earth Magic
  2787 | D:4      | Reached XP level 7. HP: 42/65 MP: 7/7
  2798 | D:4      | HP: 2/65 [orc/+0 flail (4)]
  3344 | D:5      | Entered Level 5 of the Dungeon
  3378 | D:5      | Learned a level 3 spell: Stone Arrow
  3510 | D:5      | Found a shimmering altar of Xom.
  3585 | D:5      | Reached skill level 7 in Earth Magic
  3585 | D:5      | Reached XP level 8. HP: 40/75 MP: 3/8
  3745 | D:5      | Found a burning altar of Makhleb.
  3802 | D:5      | Found a runed translucent door.
  3802 | D:5      | Found a glowing golden altar of the Shining One.
  3802 | D:5      | Noticed an angel
  3816 | D:5      | Noticed Eustachio
  3850 | D:5      | Killed Eustachio
  3877 | D:5      | Slain by an ogre

Levels and vault maps discovered:
D:1:      saegor_arrival_simple_a, layout_basic, minmay_misc_feat_five,
          minmay_tromino_v4_b
D:2:      layout_loops_ring, hangedman_feature_mirror
D:3:      layout_basic, first_ration
D:4:      layout_basic, grunt_temple_overflow_open,
          minmay_temple_entry_proselytizer
D:5:      layout_cave_pools, lemuel_doored_altar, basic_altar,
          lemuel_angel_altar, uniq_eustachio

Skill      XL: |  1  2  3  4  5  6  7  8 |
---------------+-------------------------+-----
Earth Magic    | 3 5 6 7 |  7.5
Unarmed Combat | 1 2 3 4 |  4.3
Fighting       | 1 2 3 |  3.5
Dodging        | |  1.6
Stealth        | |  1.0
Spellcasting   | |  1.2
Transmutations | |  0.6

Action                   |  1- 3 |  4- 6 |  7- 9 || total
-------------------------+-------+-------+-------++-------
Melee: Unarmed           |    85 |   251 |   137 ||   473
       Punch             |       |     2 |     1 ||     3
 Cast: Sandblast         |     3 |     1 |    30 ||    34
 Stab: Sleeping          |     1 |     2 |       ||     3
  Eat: Chunk             |    13 |    18 |    12 ||    43
Armor: Robe              |    64 |   113 |    65 ||   242
Dodge: Dodged            |    65 |   154 |    80 ||   299

Table legend:
 A = Non-vault XP
 B = Vault XP
 C = Vault XP percentage of total XP
 D = Non-vault monster count
 E = Vault monster count
 F = Vault count percentage of total count
                 A         B        C        D         E       F
            +---------+---------+-------+---------+---------+-------
      Total |    1569 |     243 |  13.4 |     103 |       9 |   8.0
            +---------+---------+-------+---------+---------+-------
        D:1 |      53 |       1 |   1.9 |      23 |       1 |   4.2
        D:2 |     162 |      13 |   7.4 |      11 |       6 |  35.3
        D:3 |     195 |       0 |   0.0 |      30 |       0 |   0.0
        D:4 |     377 |      41 |   9.8 |      18 |       1 |   5.3
        D:5 |     782 |     188 |  19.4 |      21 |       1 |   4.5
            +---------+---------+-------+---------+---------+-------
